 Dungeon Crawl Stone Soup version 0.29-a0-397-g846e4a0bbc (webtiles) character file.

Game seed: 11613452549785264343

335 zishaf the Magician (level 6, -10/46 HPs)
             Began as a Djinni Venom Mage on May 11, 2022.
             Mangled by a wight
             ... wielding a +0 morningstar
              (12 damage)
             ... on level 4 of the Dungeon.
             The game lasted 00:05:48 (4061 turns).

zishaf the Magician (Djinni Venom Mage)             Turns: 4061, Time: 00:05:48

Health: -10/46     AC:  3    Str:  7    XL:     6   Next: 84%
Gold:   56         EV: 12    Int: 19    God:
                   SH:  0    Dex: 13

rFire   + + .      SeeInvis .   l - staff of air
rCold   x . .      Faith    .   (no shield)
rNeg    . . .      Spirit   .   a - +0 robe
rPois   ∞          Reflect  .   h - +0 helmet
rElec   +          Harm     .   (no cloak)
rCorr   .          Rampage  .   (no gloves)
Will    .....                   (boots unavailable)
Stlth   ++........              (no amulet)
HPRegen 0.15/turn               (no ring)
MPRegen 0.00/turn               (no ring)

@: flying
A: sickness immunity, fire resistance 2, cold vulnerability 1, float, innate
caster, HP casting, extra vitality 1
a: no special abilities


You were on level 4 of the Dungeon.
You visited 1 branch of the dungeon, and saw 4 of its levels.

You collected 101 gold pieces.
You spent 45 gold pieces at shops.

Inventory:

Hand Weapons
 b - a +0 dagger
Armour
 a - a +0 robe (worn)
 h - a +0 helmet (worn)
Magical Staves
 l - a staff of air (weapon)
Jewellery
 d - an amulet of faith
Scrolls
 f - a scroll of enchant armour {unknown}
 g - a scroll of identify
 i - 2 scrolls of silence {unknown}
 m - a scroll of poison {unknown}
 n - a scroll of noise {unknown}
Potions
 j - a potion of attraction


   Skills:
 + Level 3.3 Fighting
 - Level 2.1 Dodging
 - Level 1.5 Stealth
 * Level 4.7 Spellcasting


You had one spell level left.
You knew the following spells:

 Your Spells              Type           Power      Damage    Failure   Level
a - Sting                 Tmut/Pois      88%        1d7       1%          1
b - Poisonous Vapours     Pois/Air       66%        N/A       2%          2
c - Mephitic Cloud        Conj/Pois/Air  33%        N/A       5%          3
d - Olgreb's Toxic Radia  Pois           22%        N/A       19%         4
e - Magic Dart            Conj           88%        1d7       1%          1
f - Scorch                Fire           44%        2d7       2%          2
Your spell library was empty.

Dungeon Overview and Level Annotations

Branches:
Dungeon (4/15)
 Temple: D:4-7

Altars:
Ashenzari
Wu Jian

Shops:
D:1 (   D:2 *


Innate Abilities, Weirdness & Mutations

You are immune to sickness and miasma.
You are immune to poison.
Your flesh is very heat resistant. (rF++)
You are vulnerable to cold. (rC-)
You float through the air rather than walking.
You learn spells naturally, not from books.
Your magical power is your life essence.
You have superior vitality. (+4 MHP)


Message History

Casting: Scorch (safe; 3% risk of failure)
Confirm with . or Enter, or press ? or * to list all spells.
Flames lash the wight.
The wight is moderately damaged.
The wight's fire resistance burns away.
The wight barely misses you.
A wight comes into view. It is wielding a +0 halberd.
Casting: Scorch (safe; 3% risk of failure)
Confirm with . or Enter, or press ? or * to list all spells.
Flames lash the wight.
The wight is burned terribly!
You destroy the wight!
Casting: Scorch (safe; 2% risk of failure)
Confirm with . or Enter, or press ? or * to list all spells.
Flames lash the wight but do no damage.
The jackal closely misses you. The jackal barely misses you.
The wight hits you with a +0 morningstar!
Casting: Scorch (safe; 2% risk of failure)
Confirm with . or Enter, or press ? or * to list all spells.
Flames lash the wight.
The wight is moderately damaged.
The wight's fire resistance burns away.
You hear a shout!
The jackal closely misses you.
The wight hits you with a +0 morningstar!
* * * LOW HITPOINT WARNING * * *
Casting: Scorch (safe; 2% risk of failure)
Confirm with . or Enter, or press ? or * to list all spells.
Flames lash the jackal.
You kill the jackal!
* * * LOW HITPOINT WARNING * * *
The wight is no longer more vulnerable to fire.
The wight barely misses you. The jackal bites you.
* * * LOW HITPOINT WARNING * * *
As you read the scroll labelled HOOLEB LOSOPOTURGH, it crumbles to dust.
It is a scroll of identify.
j - a potion of attraction The jackal closely misses you.
The wight barely misses you.
It was a potion of magic.
Magic washes over you without effect. The jackal closely misses you.
The wight hits you with a +0 morningstar!
You die...

# ####. ....$##
..... #
#..#z.######†##...
#..zSz@hw...?#
#.##########..#


You could see a worm, 3 wights, an adder and a jackal.

Vanquished Creatures
  An ogre (D:3)
  A wight (D:4)
  A hound (D:4)
  Terence (D:3)
  Natasha (thrice) (D:3)
  An adder (D:3)
  A worm (D:2)
  6 endoplasms
  2 giant cockroaches
  7 goblins
  6 hobgoblins
  8 jackals
  3 quokkas
  8 ball pythons
  3 bats
  3 frilled lizards
  4 kobolds
  3 rats
62 creatures vanquished.

Vanquished Creatures (others)
  A fungus (D:1)
  A plant (D:1)
2 creatures vanquished.

Grand Total: 64 creatures vanquished

Notes
Turn   | Place    | Note
-------+----------+-------------------------------------------
     0 | D:1      | zishaf the Djinni Venom Mage began the quest for the Orb.
     0 | D:1      | Reached XP level 1. HP: 15/15 MP: 0/0
    98 | D:1      | Found a faded altar of an unknown god.
   422 | D:1      | Reached XP level 2. HP: 15/22 MP: 0/0
   806 | D:1      | Reached skill level 1 in Fighting
   843 | D:1      | Found Gucraamoo's Weapon Shoppe.
  1217 | D:2      | Found an ornate altar of the Wu Jian Council.
  1223 | D:2      | Reached XP level 3. HP: 26/27 MP: 0/0
  1223 | D:2      | Learned a level 1 spell: Magic Dart
  1240 | D:2      | Reached skill level 3 in Spellcasting
  2030 | D:2      | Found Pemul's General Store.
  2096 | D:2      | Bought a +0 helmet for 45 gold pieces
  2369 | D:3      | Noticed Terence
  2382 | D:3      | Killed Terence
  2383 | D:3      | Reached XP level 4. HP: 24/33 MP: 0/0
  2784 | D:3      | Noticed Natasha
  2793 | D:3      | Killed Natasha
  2794 | D:3      | Reached XP level 5. HP: 33/38 MP: 0/0
  2794 | D:3      | Learned a level 2 spell: Scorch
  2937 | D:3      | Noticed Natasha
  2947 | D:3      | Killed Natasha
  2964 | D:3      | Noticed Natasha
  2972 | D:3      | Killed Natasha
  2973 | D:3      | Reached skill level 4 in Spellcasting
  3591 | D:4      | Noticed an ogre
  3604 | D:3      | Killed an ogre
  3605 | D:3      | Reached XP level 6. HP: 2/46 MP: 0/0
  3966 | D:4      | Found a broken altar of Ashenzari.
  4059 | D:4      | HP: 2/46 [jackal (1)]
  4061 | D:4      | Mangled by a wight

Illustrated notes

Levels and vault maps discovered:
D:1:      amcnicky_arrival_choice, layout_rooms, serial_shops,
          nicolae_shop_bloodbath_and_beyond, shapermc_ecumenical_altar_gd
D:2:      layout_loops_ring, basic_altar, serial_shops, shop
D:3:      layout_basic, uniq_natasha, uniq_terence
D:4:      layout_rooms, nicolae_qazlal_general_emergency,
          nicolae_ashenzari_panopticon, mainiacjoe_overflow_surrounded_room,
          serial_shops, nicolae_stop_n_shop_2, corexii_item_surrounded_by_moat,
          glass_columns_b

Skill      XL: |  1  2  3  4  5 |
---------------+----------------+-----
Fighting       | 1 2 3 |  3.3
Spellcasting   | 3 4 |  4.7
Dodging        | |  2.1
Stealth        | |  1.5

Action                   |  1- 3 |  4- 6 || total
-------------------------+-------+-------++-------
Melee: Dagger            |    14 |     7 ||    21
 Cast: Sting             |    69 |    12 ||    81
       Poisonous Vapours |     3 |     7 ||    10
       Mephitic Cloud    |     1 |     3 ||     4
       Scorch            |       |    32 ||    32
  Use: Scroll            |       |     3 ||     3
       Potion            |       |     1 ||     1
 Stab: Distracted        |     1 |       ||     1
Armor: Robe              |     6 |     6 ||    12
Dodge: Dodged            |    23 |    36 ||    59

Table legend: (Time is in decaauts)
 A = Elapsed time spent in this place.
 B = Non-inter-level travel time spent in this place.
 C = Inter-level travel time spent in this place.
 D = Time resting spent in this place.
 E = Time spent auto-exploring this place.
 F = Levels seen in this place.
 G = Mean time per level.
                   A        B        C        D        E       F      G
               +--------+--------+--------+--------+--------+-----+--------+
         Total |   4061 |   3849 |    212 |    712 |   2694 |   4 | 1015.2 |
       Dungeon |   4061 |   3849 |    212 |    712 |   2694 |   4 | 1015.2 |
               +--------+--------+--------+--------+--------+-----+--------+

Top non-repeatable levels by time:
     D:3: 1598 daAuts
     D:2: 1222 daAuts
     D:1: 1143 daAuts
     D:4: 96 daAuts
